Map: Eindringling LE

Players

PorkSoftice

  • Race: Terran Terran
  • League: Diamond
  • Spawn Location: 5:00

Panda - Winner!

  • Race: Zerg Zerg
  • League: Diamond
  • Spawn Location: 11:00

VOD

Have the link to the VOD?

Description

Time

  • Played on: Sept. 7, 2017, 8:55 a.m.
  • Length: 3:38
Show
View Real Time Build Order
Export as new Build Order

PorkSoftice Terran 

Build Orders:  

Get SALT Encoding   

  12  0:01  SCV  
  13  0:13  SCV  
  14  0:17  Supply Depot  
  14  0:25  SCV  
  15  0:39  SCV  
  15  0:40  Barracks  
  16  0:51  SCV  
  17  1:03  SCV  
  18  1:15  SCV  
  19  1:28  Orbital Command  
  19  1:33  Refinery  
  19  1:39  Marine  
  20  1:41  Command Center  
  20  1:49  Supply Depot  
  20  1:55  SCV  
  20  1:59  Marine  
  21  2:19  Command Center, Marine, SCV  
  23  2:31  SCV  
  24  2:38  Barracks  
  24  2:48  Barracks  
  24  2:50  Refinery  
  24  2:51  SCV  
  25  2:52  Refinery  
  25  2:54  Orbital Command  
  25  2:59  Marine  
  25  3:10  SCV  
Show
View Real Time Build Order
Export as new Build Order

Panda Zerg - Winner!

Build Orders: Pool Only 

Get SALT Encoding   

  12  0:18  Spawning Pool  
  11  0:22  Drone  
  12  0:28  Drone  
  12  0:31  Drone  
  14  0:39  Extractor  
  14  0:42  Drone  
  14  0:48  Overlord  
  14  0:57  Extractor  
  13  1:06  Roach Warren  
  13  1:08  Drone  
  13  1:15  Drone  
  14  1:31  Zergling x2  
  15  1:56  Roach x2  
  15  1:57  Roach  
  21  2:08  Overlord  
  21  2:19  Zergling x2  
  22  2:31  Ravager x3  
  25  2:39  Roach  
  27  2:47  Roach  
Tags
 
Matchup
TvZ
Opening
Pool Only
Replay Pack
replays1
Spawn Locations
Cross Positions
Add a new tag
Caveats
  • Supply blocks, unpowered buildings, or Contaminate may cause inaccurate times.
  • Supply counts are checked every 10 seconds.